 Dungeon Crawl Stone Soup version 0.31-a0-1300-gb6740aa4e6 (webtiles) character file.

Game seed: 8458687687481876452

56 pokeman the Magician (level 3, -1/20 HPs)
             Began as a Deep Elf Hedge Wizard on Dec 18, 2023.
             Slain by a gnoll
             ... wielding a +0 flail
              (6 damage)
             ... on level 2 of the Dungeon.
             The game lasted 00:03:00 (1697 turns).

pokeman the Magician (Deep Elf Hedge Wizard)        Turns: 1697, Time: 00:03:01

Health: -1/20      AC:  3    Str:  7    XL:     3   Next: 71%
Magic:  0/11       EV: 12    Int: 20    God:
Gold:   95         SH:  0    Dex: 14    Spells: 4/12 levels left

rFire   . . .        j - +2 whip (elec)
rCold   . . .        (no shield)
rNeg    . . .        b - +0 robe
rPois   .            c - +0 hat
rElec   .            (no cloak)
rCorr   .            (no gloves)
SInv    .            h - +0 pair of boots
Will    .....        (no amulet)
Stlth   ++           (no ring)
HPRegen 0.23/turn    (no ring)
MPRegen 0.12/turn

%: no passive effects
@: no status effects
A: no striking features
a: no special abilities


You were on level 2 of the Dungeon.
You visited 1 branch of the dungeon, and saw 2 of its levels.

You collected 95 gold pieces.

Inventory:

Hand Weapons
 j - a +2 whip of electrocution (weapon)
Armour
 b - a +0 robe (worn)
 c - a +0 hat (worn)
 h - a +0 pair of boots (worn)
Scrolls
 e - 2 scrolls of teleportation {unknown}
 f - a scroll of revelation {unknown}
 g - a scroll of identify {unknown}
 k - a scroll of noise {unknown}
 l - a scroll of fog {unknown}
 n - a scroll of vulnerability {unknown}
Potions
 a - a potion of haste {unknown}
 d - a potion of magic
 i - 2 potions of cancellation {unknown}
 m - a potion of curing {unknown}
 o - a potion of might {unknown}


   Skills:
 - Level 1.0 Fighting
 - Level 1.0 Armour
 + Level 2.4 Dodging
 + Level 2.4 Stealth
 * Level 5.3 Spellcasting
 + Level 2.0 Conjurations
 - Level 1.1 Summonings
 - Level 1.1 Translocations


You had 4 spell levels left.
You knew the following spells:

 Your Spells              Type           Power      Damage    Failure   Level
a - Magic Dart            Conj           52%        1d5       4%          1
b - Mephitic Cloud        Conj/Pois/Air  8%         N/A       26%         3
c - Call Imp              Summ           18%        N/A       11%         2
d - Blink                 Tloc           18%        N/A       11%         2

Your spell library contained the following spells:

 Spells                   Type           Power      Damage    Failure   Level
 Searing Ray              Conj           26%        2d5       8%          2
 Slow                     Hex            20%        N/A       11%         1
 Cigotuvi's Dreadful Rot  Necr/Pois/Air  10%        N/A       17%         2
 Fulminant Prism          Conj/Hex       4%         3d5       58%         4


Dungeon Overview and Level Annotations

Branches:
Dungeon (2/15)

Altars:
Elyvilon

Shops:
D:1 (?**   D:2 =


Message History

The gnoll is lightly wounded.
The gnoll is engulfed in noxious fumes.
The gnoll appears confused.
Unknown command.
The gnoll is engulfed in noxious fumes.
The gnoll appears confused.
The gnoll is engulfed in noxious fumes.
The gnoll appears confused.
You see here a +0 flail.
Okay, then.
Unknown command.
The gnoll is engulfed in noxious fumes.
The gnoll appears confused.
The gnoll is engulfed in noxious fumes.
The gnoll appears confused.
The gnoll hits you with a +0 whip.
The gnoll hits itself but does no damage.
You see here a +0 flail.
You hit the gnoll but do no damage. You hit the gnoll.
Lightning courses through the gnoll!
You kill the gnoll!
The gnoll misses the gnoll.
Your Fighting skill increases to level 1!
Your Armour skill increases to level 1!
Your Conjurations skill increases to level 2!
Unknown command.
You completely miss the gnoll. The gnoll hits you with a +0 flail!
Ouch! That really hurt!
You barely miss the gnoll. The gnoll closely misses you.
You hit the gnoll.
The gnoll is moderately wounded.
The gnoll misses the gnoll.
The gnoll closely misses you.
You hit the gnoll.
The gnoll is heavily wounded.
The gnoll hits the gnoll with a +0 whip.
The gnoll hits you with a +0 flail.
* * * LOW HITPOINT WARNING * * *
The gnoll misses you.
Casting: Mephitic Cloud (extremely dangerous; 26% risk of failure)
Confirm with . or Enter, or press ? or * to list all spells.
A tiny devil pulls itself out of the air.
The gnoll completely misses the gnoll.
The gnoll closely misses you.
Unknown command.
The gnoll attacks as it pursues you! The gnoll hits you with a +0 flail.
You die...

####...##### .##
'............ ...
####...#####. ### .. #
##..# #.... ##.##
##.#. .#.### g.. ##
#...# #)# #.# #...###
#g#
#.##.....####@#####
#####.#.>.......5....#
...###.#......##.###.#
..........._..##.#
##.######......#.# #.#
#........# #.#
####.###..... ##.# #.#
#####. ...# #.#


You could see 2 gnolls and a friendly cerulean imp (summoned).

Vanquished Creatures
  2 gnolls (D:2)
  A dart slug (D:1)
  3 ball pythons (D:1)
  3 bats
  6 endoplasms
  3 goblins (D:1)
  3 hobgoblins
  4 kobolds
  4 frilled lizards
  3 rats (D:1)
32 creatures vanquished.

Notes
Turn   | Place    | Note
-------+----------+-------------------------------------------
     0 | D:1      | pokeman the Deep Elf Hedge Wizard began the quest for the
                  | Orb.
     0 | D:1      | Reached XP level 1. HP: 10/10 MP: 7/7
    59 | D:1      | Found Esaifuhi's General Store.
   229 | D:1      | Found Eciceum's Weapon Boutique.
   264 | D:1      | Reached XP level 2. HP: 16/16 MP: 4/9
   342 | D:1      | Found Hoogg's Magic Scroll Shop.
   737 | D:1      | Reached skill level 5 in Spellcasting
   984 | D:1      | Reached XP level 3. HP: 20/20 MP: 8/11
   988 | D:1      | Learned a level 3 spell: Mephitic Cloud
   996 | D:1      | Learned a level 2 spell: Call Imp
   999 | D:1      | Learned a level 2 spell: Blink
  1104 | D:1      | Found Qeh Ulamin's Assorted Antiques.
  1531 | D:2      | Found Qolecziq's Jewellery Shoppe.
  1660 | D:2      | Found a white marble altar of Elyvilon.
  1692 | D:2      | Reached skill level 1 in Fighting
  1692 | D:2      | Reached skill level 1 in Armour
  1697 | D:2      | Slain by a gnoll

Illustrated notes

Levels and vault maps discovered:
D:1:      dpeg_arrival_more_subterranean_lakeside_camping, layout_loops_ring,
          serial_shops, shop, nicolae_shop_trees, nicolae_shop_peninsula, shop,
          minmay_heptomino_l4
D:2:      layout_loops_corners, serial_shops, shop, basic_altar,
          kennysheep_small_spiral

Skill      XL: |  1  2  3 |
---------------+----------+-----
Spellcasting   | 5 |  5.3
Fighting       | 1 |  1.0
Armour         | 1 |  1.0
Conjurations   | 2 |  2.0
Dodging        | |  2.4
Stealth        | |  2.4
Summonings     | |  1.1
Translocations | |  1.1

Action                     || total
---------------------------++-------
  Melee: Whip              ||    11
   Cast: Magic Dart        ||    75
         Mephitic Cloud    ||     3
         Call Imp          ||     1
   Stab: Sleeping          ||     1
 Armour: Robe              ||    14
  Dodge: Dodged            ||    15

Table legend: (Time is in decaauts)
 A = Elapsed time spent in this place.
 B = Non-inter-level travel time spent in this place.
 C = Inter-level travel time spent in this place.
 D = Time resting spent in this place.
 E = Time spent auto-exploring this place.
 F = Levels seen in this place.
 G = Mean time per level.
                   A        B        C        D        E       F      G
               +--------+--------+--------+--------+--------+-----+--------+
         Total |   1696 |   1678 |     18 |      0 |   1487 |   2 |  848.0 |
       Dungeon |   1696 |   1678 |     18 |      0 |   1487 |   2 |  848.0 |
               +--------+--------+--------+--------+--------+-----+--------+

Top non-repeatable levels by time:
     D:1: 1190 daAuts
     D:2: 505 daAuts
